 Dungeon Crawl Stone Soup version 0.31.0-10-gcf4a605ca0 (webtiles) character file.

Game seed: 8375089099403780056

573 ssalbiz the Magician (level 7, -4/36 HPs)
             Began as a Deep Elf Conjurer on Jan 26, 2024.
             Slain by Duvessa
             ... wielding a +1 short sword of speed
              (6 damage)
             ... on level 5 of the Dungeon.
             The game lasted 00:08:00 (4507 turns).

ssalbiz the Magician (Deep Elf Conjurer)            Turns: 4507, Time: 00:08:01

Health: -4/36      AC:  4    Str:  4    XL:     7   Next: 12%
Magic:  1/20       EV: 17    Int: 31    God:
Gold:   144        SH:  0    Dex: 13    Spells: 10/21 levels left

rFire   . . .        C - +3 dagger (speed)
rCold   . . .        (no shield)
rNeg    . . .        a - +0 robe
rPois   .            (no helmet)
rElec   .            f - +0 cloak
rCorr   .            (no gloves)
SInv    .            h - +0 pair of boots
Will    .....        (no amulet)
Stlth   ++           E - +6 ring of intelligence
HPRegen 0.26/turn    s - +5 ring of evasion
MPRegen 0.17/turn

%: no passive effects
@: no status effects
A: no striking features
a: no special abilities


You were on level 5 of the Dungeon.
You visited 1 branch of the dungeon, and saw 5 of its levels.

You collected 144 gold pieces.

Inventory:

Hand Weapons
 C - a +3 dagger of speed (weapon)
Missiles
 c - a throwing net
Armour
 a - a +0 robe (worn)
 f - a +0 cloak (worn)
 h - a +0 pair of boots (worn)
Jewellery
 j - a ring of magical power
 q - a ring of willpower
 s - a +5 ring of evasion (right hand)
 E - a +6 ring of intelligence (left hand)
Wands
 v - a wand of charming (9)
 B - a wand of mindburst (10)
Scrolls
 d - 2 scrolls of noise {unknown}
 e - 4 scrolls of teleportation {unknown}
 g - 5 scrolls of identify {unknown}
 k - a scroll of revelation {unknown}
 l - a scroll of enchant armour {unknown}
 n - a scroll of poison {unknown}
 o - a scroll of fog {unknown}
 p - a scroll of enchant weapon {unknown}
 t - a scroll of brand weapon {unknown}
 w - a scroll of amnesia {unknown}
 y - a scroll of fear {unknown}
 z - a scroll of vulnerability {unknown}
Potions
 b - a potion of magic
 i - 2 potions of brilliance {unknown}
 m - a potion of ambrosia {unknown}
 r - 2 potions of heal wounds {unknown}
 u - a potion of curing {unknown}
 x - 2 potions of cancellation {unknown}
 A - a potion of attraction {unknown}
 D - a potion of mutation {unknown}


   Skills:
 - Level 2.4 Dodging
 - Level 2.4 Stealth
 + Level 7.6 Spellcasting
 + Level 7.4 Conjurations


You had 10 spell levels left.
You knew the following spells:

 Your Spells              Type           Power      Damage    Failure   Level
a - Magic Dart            Conj           100%       1d8       1%          1
b - Searing Ray           Conj           100%       2d8       1%          2
c - Fulminant Prism       Conj/Alch      17%        3d11      9%          4
d - Iskenderun's Mystic   Conj/Tloc      34%        2d8       9%          4

Your spell library contained the following spells:

 Spells                   Type           Power      Damage    Failure   Level
 Sublimation of Blood     Necr           11%        N/A       6%          2
 Ozocubu's Armour         Ice            11%        N/A       13%         3
 Irradiate                Conj/Alch      17%        3d17      26%         5
 Petrify                  Alch/Erth      11%        N/A       38%         4
 Summon Blazeheart Golem  Fire/Summ      11%        N/A       38%         4
 Metabolic Englaciation   Hex/Ice        5%         N/A       75%         5
 Orb of Destruction       Conj           27%        9d9       86%         7
 Sculpt Simulacrum        Ice/Alch       5%         N/A       100%        6
 Spellforged Servitor     Conj/Summ      17%        N/A       100%        7


Dungeon Overview and Level Annotations

Branches:
Dungeon (5/15)
 Temple: D:4-7

Altars:
Nemelex Xobeh
Xom
The Shining One

Shops:
D:2 =

Annotations:
D:5 Duvessa


Message History

Duvessa hits you with a +1 short sword of speed!
Duvessa misses you.
Casting: Searing Ray (safe; 1% risk of failure)
Confirm with . or Enter, or press ? or * to list all spells.
You erupt in a blast of force!
The mystic blast hits Duvessa.
Duvessa is heavily wounded.
Duvessa is knocked back by the mystic blast.
Casting: Iskenderun's Mystic Blast (quite dangerous; 9% risk of failure)
Confirm with . or Enter, or press ? or * to list all spells.
Aiming: Searing Ray (safe; 1% risk of failure)
Press: ? - help, Shift-Dir - straight line, f/p - Duvessa
Aim: Duvessa, wielding a +1 short sword of speed and wearing a +1 ring mail of positive energy (heavily wounded, berserk, 87% to hit)
The searing ray hits Duvessa.
Duvessa is heavily wounded. (Press . to maintain the ray.)
Casting: Searing Ray (safe; 1% risk of failure)
Confirm with . or Enter, or press ? or * to list all spells.
You erupt in a blast of force!
The mystic blast hits Duvessa!
Duvessa is severely wounded.
Duvessa is knocked back by the mystic blast.
Aiming: Mindburst
Press: ? - help, Shift-Dir - straight line, f/p - Duvessa
Aim: Duvessa, wielding a +1 short sword of speed and wearing a +1 ring mail of positive energy (severely wounded, berserk, chance to affect: 47%) Duvessa resists with some effort.
Unknown command.
Unknown command.
Aiming: Mindburst
Press: ? - help, Shift-Dir - straight line, f/p - Duvessa
Aim: Duvessa, wielding a +1 short sword of speed and wearing a +1 ring mail of positive energy (severely wounded, berserk, chance to affect: 47%) Duvessa resists with some effort.
Duvessa hits you with a +1 short sword of speed.
Duvessa hits you with a +1 short sword of speed!
* * * LOW HITPOINT WARNING * * *
Duvessa closely misses you.
Aiming: Mindburst
Press: ? - help, Shift-Dir - straight line, f/p - Duvessa
Aim: Duvessa, wielding a +1 short sword of speed and wearing a +1 ring mail of positive energy (severely wounded, berserk, chance to affect: 47%) Duvessa resists with some effort.
Duvessa hits you with a +1 short sword of speed.
You die...

#.#..###.....# ......#
..#..##......##......#
...#.##...).......##
...+..#.....##.####
...#..#.....##'########
......#............>..#
#####...............###
####............# #####
##.##....@...# .....
#.####.e##### #####
.).....# ###.....
.'..... ###.... #....
#....


You could see Duvessa (berserk).

Vanquished Creatures
  3 ogres
  Dowan (D:5)
  A bombardier beetle (D:4)
  A jelly (D:5)
  A hound (D:5)
  A gnoll (D:1)
  6 adders
  5 dart slugs
  4 ribbon worms
  5 orcs
  3 bats
  5 endoplasms
  3 giant cockroaches
  8 goblins
  2 hobgoblins
  5 jackals
  3 quokkas
  9 ball pythons
  2 frilled lizards
  5 kobolds
  23 rats
96 creatures vanquished.

Notes
Turn   | Place    | Note
-------+----------+-------------------------------------------
     0 | D:1      | ssalbiz the Deep Elf Conjurer began the quest for the Orb.
     0 | D:1      | Reached XP level 1. HP: 10/10 MP: 6/6
   168 | D:1      | Reached XP level 2. HP: 15/15 MP: 0/8
   260 | D:1      | Found a faded altar of an unknown god.
   499 | D:1      | Reached skill level 5 in Conjurations
   499 | D:1      | Reached XP level 3. HP: 19/19 MP: 7/10
   672 | D:1      | Learned a level 2 spell: Searing Ray
  1355 | D:2      | Reached XP level 4. HP: 24/24 MP: 12/12
  1469 | D:2      | Found Afumos's Jewellery Shoppe.
  1606 | D:2      | Reached skill level 5 in Spellcasting
  2202 | D:3      | Found a glowing golden altar of the Shining One.
  2665 | D:3      | Found a sparkling altar of Nemelex Xobeh.
  2779 | D:3      | Reached XP level 5. HP: 28/28 MP: 14/14
  3193 | D:3      | Learned a level 4 spell: Fulminant Prism
  3198 | D:3      | Learned a level 4 spell: Iskenderun's Mystic Blast
  3241 | D:4      | Identified the +3 leather armour of the Game Afoot {rF+}
  3244 | D:4      | Noticed an ogre
  3254 | D:4      | Killed an ogre
  3513 | D:4      | Reached XP level 6. HP: 30/32 MP: 17/17
  3874 | D:4      | Found a shimmering altar of Xom.
  4018 | D:5      | Entered Level 5 of the Dungeon
  4018 | D:5      | Noticed Dowan
  4019 | D:5      | Noticed Duvessa
  4086 | D:5      | Killed Dowan
  4218 | D:5      | Reached XP level 7. HP: 36/36 MP: 19/19
  4507 | D:5      | Slain by Duvessa

Illustrated notes

Levels and vault maps discovered:
D:1:      lightli_iron_boxes, layout_rooms,
          shapermc_ecumenical_altar_totnotflames
D:2:      layout_loops_ring, serial_shops, nicolae_shop_advertising_works
          [nicolae_subvault_shop_adworks]
D:3:      layout_basic, mainiacjoe_overflow_big_doors, minmay_statues_item,
          minmay_rat_hole
D:4:      layout_cave_pools, mainiacjoe_overflow_24_doors, serial_rivers,
          chequers_serial_rivers_micro_d, chequers_serial_rivers_large_b,
          chequers_serial_rivers_room_a, chequers_serial_rivers_small_b,
          chequers_garden, minivault_19
D:5:      layout_basic, serial_shops, shop, hangedman_abyss_or_decor_stabs,
          uniq_duvessa

Skill      XL: |  1  2  3  4  5  6 |
---------------+-------------------+-----
Spellcasting   | 4 5 6 7 |  7.6
Conjurations   | 5 6 7 |  7.4
Dodging        | |  2.4
Stealth        | |  2.4

Action                     |  1- 3 |  4- 6 |  7- 9 || total
---------------------------+-------+-------+-------++-------
  Melee: Unarmed           |     2 |       |       ||     2
   Cast: Magic Dart        |    56 |    79 |       ||   135
         Searing Ray       |     4 |    21 |     6 ||    31
         Iskenderun's Myst |       |       |     7 ||     7
  Evoke: Wand              |       |       |     3 ||     3
 Armour: Robe              |     5 |     4 |     9 ||    18
  Dodge: Dodged            |     6 |    17 |     9 ||    32
